 Dungeon Crawl Stone Soup version 0.25-a0-292-gaa31f046c4 (webtiles) character file.

Game seed: 15525885593517147163, levelgen mode: classic

7385 Borgoz the Fighter (level 11, -1/73 HPs)
             Began as a Gargoyle Gladiator on Dec 16, 2019.
             Was a Follower of Ashenzari.
             Killed from afar by a gargoyle (20 damage)
             ... with a stone arrow
             ... on level 10 of the Dungeon.
             The game lasted 00:17:38 (9556 turns).

Borgoz the Fighter (Gargoyle Gladiator)             Turns: 9556, Time: 00:17:39

Health: -1/73      AC: 19    Str: 21    XL:     11   Next: 14%
Magic:  11/11      EV: 11    Int:  9    God:    Ashenzari [*.....]
Gold:   655        SH:  0    Dex: 19    Spells: 10/10 levels left

rFire    . . .     SeeInvis .   D - +4 dagger
rCold    . . .     Gourm    .   (no shield)
rNeg     + . .     Faith    .   i - +0 scale mail
rPois    ∞         Spirit   .   c - +0 helmet
rElec    +         Reflect  .   (no cloak)
rCorr    .         Harm     +   p - +0 pair of gloves {Dex+3}
MR       .....                  (no boots)
Stlth    ..........             r - amulet of harm
HPRegen  0.22/turn              t - +5 ring of dexterity
MPRegen  0.12/turn              v - +4 ring of slaying

@: no status effects
A: negative energy resistance 1, electricity resistance, unbreathing,
petrification resistance, rot immunity, AC +8
a: Curse Item, Scrying, Renounce Religion


You were on level 10 of the Dungeon.
You worshipped Ashenzari.
Ashenzari was aware of your devotion.
You were not hungry.

You visited 2 branches of the dungeon, and saw 11 of its levels.
You also visited: Sewer.

You collected 655 gold pieces.

Inventory:

Hand Weapons
 a - a +1 rapier
 D - a +4 dagger (weapon)
Armour
 c - a +0 helmet (worn)
 i - a +0 scale mail (worn)
 p - a +0 pair of gloves of dexterity (worn)
Jewellery
 r - an amulet of harm (around neck)
 t - a +5 ring of dexterity (left hand)
 v - a +4 ring of slaying (right hand)
 C - an uncursed ring of protection from magic
 J - an uncursed ring of see invisible
Wands
 y - a wand of polymorph (2)
Scrolls
 d - a scroll of random uselessness {unknown}
 e - a scroll of enchant weapon
 h - 5 scrolls of teleportation
 m - 3 scrolls of noise {unknown}
 n - 3 scrolls of immolation {unknown}
 s - a scroll of amnesia {unknown}
 x - 2 scrolls of magic mapping {unknown}
 E - 4 scrolls of remove curse
 F - a scroll of acquirement {unknown}
 G - 4 scrolls of enchant armour {unknown}
 H - a scroll of vulnerability {unknown}
 I - a scroll of silence
 K - 2 scrolls of blinking {unknown}
Potions
 b - 3 potions of flight
 g - 3 potions of lignification
 j - 3 potions of brilliance
 k - 2 potions of curing
 l - 2 potions of might
 u - a potion of cancellation
 w - 5 potions of haste
 z - a potion of magic
 A - a potion of ambrosia
 B - a potion of mutation
Comestibles
 f - 18 rations
 q - 4 chunks of flesh


   Skills:
 + Level 10.8 Fighting
 + Level 9.4 Short Blades
 - Level 1.7 Throwing
 + Level 10.5 Armour
 - Level 2.4 Dodging


You had 10 spell levels left.
You didn't know any spells.
Your spell library contained the following spells:

 Spells                   Type           Power        Failure   Level  Hunger
 Magic Dart               Conj           #...         67%         1    ##.....
 Blink                    Tloc           N/A          80%         2    ###....
 Call Imp                 Summ           #.......     80%         2    ###....
 Slow                     Hex            #.......     80%         2    ###....
 Conjure Flame            Conj/Fire      #.......     95%         3    ####...
 Mephitic Cloud           Conj/Pois/Air  #.......     95%         3    ####...


Dungeon Overview and Level Annotations

Branches:
Dungeon (10/15)            Temple (1/1) D:4            Lair (0/6) D:9
    Orc (0/2) D:9           Sewer (visited)

Altars:
Ashenzari
Cheibriados
Dithmenos
Elyvilon
Fedhas
Gozag
Hepliaklqana
Kikubaaqudgha
Makhleb
Nemelex Xobeh
Okawaru
Qazlal
Ru
Sif Muna
Trog
Uskayaw
Vehumet
Wu Jian
Xom
Yredelemnul
Zin
The Shining One

Shops:
D:6 ?   D:10 *

Annotations:
D:8 1 runed translucent door, grouchysmurf's ghost, novice TrWz


Innate Abilities, Weirdness & Mutations

You are resistant to torment.
Your stone body is resilient. (AC +8)
You are immune to poison.
You resist negative energy. (rN+)
You are resistant to electric shocks. (rElec)
You can survive without breathing.
You are immune to petrification.
You are immune to rotting.


Message History

The gargoyle is severely damaged.
The gargoyle hurls a stone arrow at you.
The stone arrow hits you!
* * * LOW HITPOINT WARNING * * *
You hit the gargoyle but do no damage.
The gargoyle is severely damaged.
You hit the gargoyle but do no damage.
The gargoyle is severely damaged.
The gargoyle closely misses you.
Throwing (i - inventory)
o - a throwing net (quivered)
Press: ? - help, Shift-Dir - straight line, f - gargoyle
Aim: a gargoyle, wielding a +0 morningstar (severely damaged)
You throw a throwing net. The throwing net hits the gargoyle.
The gargoyle is caught in the net!
The gargoyle is severely damaged.
You hit the gargoyle but do no damage.
The gargoyle is severely damaged.
The gargoyle hurls a stone arrow at you.
The stone arrow hits you!
You die...

### # #.. # #.# # #.# #
######### #.# # #
#.......#####%###....
####.#####......@9......
..##.# #.#####.#######
(....# #.# #.# #.##.#
#.# #.. #.##.#####.#
#### ...........#
#..∩.##[#.##
#....#.....###########.
...............<.......


You could see a gargoyle (caught).

Vanquished Creatures
  Erica (D:8)
  A wolf spider zombie (D:8)
  Maurice (D:8)
  A troll (D:9)
  2 hippogriffs
  A hornet (D:10)
  A wraith (D:8)
  Sigmund (D:3)
  A steam dragon (D:9)
  3 porcupines (D:9)
  A black bear (D:9)
  5 orc warriors
  2 ice beasts
  3 sky beasts
  3 ogres
  5 centaurs
  A crocodile (D:9)
  A big kobold (D:9)
  9 bullfrogs
  2 water moccasin skeletons (D:6)
  A wyvern skeleton (D:7)
  3 killer bees (D:8)
  6 scorpions
  3 howler monkeys
  2 centaur zombies
  3 crimson imps
  2 hounds
  9 orc wizards
  5 jellies
  5 orc priests
  A bullfrog skeleton (D:8)
  4 iguanas
  5 worker ants
  A hound skeleton (D:6)
  A howler monkey zombie (D:8)
  2 worker ant zombies
  13 adders
  3 river rats
  3 oozes
  2 adder zombies (D:9)
  An adder skeleton (D:9)
  3 worms
  2 dart slugs
  6 leopard geckos
  28 orcs
  5 giant cockroaches
  5 goblins
  6 hobgoblins
  8 jackals
  7 kobolds
  6 quokkas
  7 ball pythons
  5 bats
  14 frilled lizards
  A quokka skeleton (D:5)
  7 rats
230 creatures vanquished.

Vanquished Creatures (others)
  An orc wizard (D:2)
  5 fungi (D:9)
6 creatures vanquished.

Grand Total: 236 creatures vanquished

Notes
Turn   | Place    | Note
-------+----------+-------------------------------------------
     0 | D:1      | Borgoz the Gargoyle Gladiator began the quest for the Orb.
     0 | D:1      | Reached XP level 1. HP: 12/12 MP: 1/1
    98 | D:1      | Reached XP level 2. HP: 15/18 MP: 2/2
   148 | D:1      | Reached skill level 1 in Armour
   944 | D:2      | Reached XP level 3. HP: 21/22 MP: 3/3
  1013 | D:2      | Reached XP level 4. HP: 7/28 MP: 4/4
  1402 | D:2      | Reached XP level 5. HP: 28/32 MP: 5/5
  2366 | D:3      | Found a stormy altar of Qazlal.
  2366 | D:3      | Noticed a water elemental
  2367 | D:3      | Noticed an air elemental
  2367 | D:3      | Noticed a fire elemental
  2429 | D:3      | Noticed Sigmund
  2448 | D:3      | Killed Sigmund
  2448 | D:3      | Reached XP level 6. HP: 19/39 MP: 6/6
  2808 | D:4      | Found a staircase to the Ecumenical Temple.
  2945 | D:4      | Noticed an orc warrior
  2948 | D:4      | Reached XP level 7. HP: 44/44 MP: 7/7
  2957 | D:4      | Reached skill level 5 in Fighting
  3309 | D:4      | Found a glowing drain.
  3313 | Sewer    | Entered a sewer
  3896 | D:5      | Entered Level 5 of the Dungeon
  3962 | D:5      | Reached skill level 5 in Short Blades
  3968 | D:5      | Reached skill level 5 in Armour
  3995 | D:5      | Reached XP level 8. HP: 23/51 MP: 8/8
  4753 | D:6      | Found a shadowy altar of Dithmenos.
  5117 | D:6      | Found Qodihe Jaing's Magic Scroll Shoppe.
  5170 | D:6      | Reached XP level 9. HP: 53/57 MP: 9/9
  6321 | D:8      | Noticed Maurice
  6341 | D:8      | Killed Maurice
  6450 | Temple   | Entered the Ecumenical Temple
  6461 | Temple   | Became a worshipper of Ashenzari the Shackled
  6858 | D:8      | Noticed Erica
  6869 | D:8      | Killed Erica
  6869 | D:8      | Reached XP level 10. HP: 66/66 MP: 10/10
  7482 | D:8      | Found a runed translucent door.
  7908 | D:8      | Found a shimmering altar of Xom.
  7908 | D:8      | Noticed grouchysmurf's ghost (novice TrWz)
  7909 | D:8      | Noticed a +0 scimitar of chaos
  8158 | D:9      | Reached skill level 10 in Fighting
  8531 | D:9      | Reached skill level 10 in Armour
  8653 | D:9      | Reached XP level 11. HP: 19/73 MP: 11/11
  8883 | D:9      | Found a staircase to the Lair.
  8937 | D:9      | Reached * piety under Ashenzari
  9374 | D:9      | Found a staircase to the Orcish Mines.
  9463 | D:10     | Entered Level 10 of the Dungeon
  9472 | D:10     | Found Veonirur's General Store.
  9556 | D:10     | Killed from afar by a gargoyle

Levels and vault maps discovered:
D:1:      kilobyte_arrival_exit_the_forest, layout_basic
D:2:      layout_rooms
D:3:      layout_basic, nicolae_qazlal_style_of_elements, first_ration,
          uniq_sigmund
D:4:      layout_rooms, minmay_temple_entry_wispy, gup_sewer_entry_spiral,
          hangedman_abyss_or_decor_stabs, lemuel_flame_loot_1
D:5:      layout_rooms
D:6:      layout_basic, serial_shops, nicolae_shop_waterfront,
          nicolae_dithmenos_the_darkroom
D:7:      layout_basic, serial_curves, eino_curves_03, eino_curves_02,
          minmay_fractal_squares_gapless_5
D:8:      layout_basic, ebering_ghost_xom, uniq_erica, uniq_maurice
D:9:      layout_grid_maze, due_lair_maze_entry_diamond, david_orc_4
D:10:     layout_loops_ring, serial_shops, shop_coins
Temple:   nicolae_temple_the_god_donut

Skill      XL: |  1  2  3  4  5  6  7  8  9 10 |
---------------+-------------------------------+-----
Armour         | 1 2 3 4 5 6 8 10 | 10.5
Short Blades   | 3 4 5 6 8 9 |  9.4
Fighting       | 3 4 5 7 9 10 | 10.8
Throwing       | |  1.7
Dodging        | |  2.4

Action                   |  1- 3 |  4- 6 |  7- 9 | 10-12 || total
-------------------------+-------+-------+-------+-------++-------
Melee: Rapier            |   116 |   195 |   309 |       ||   620
       Dagger            |       |       |     9 |   389 ||   398
Throw: Throwing net      |     1 |     2 |     2 |     2 ||     7
  Use: Potion            |     3 |       |       |     1 ||     4
       Scroll            |       |     6 |     4 |     2 ||    12
 Stab: Held in net/web   |     1 |       |     2 |     1 ||     4
  Eat: Chunk             |       |     7 |    12 |     9 ||    28
Armor: Leather armour    |    20 |       |       |       ||    20
       Scale mail        |    60 |   126 |   125 |   160 ||   471
       Skin              |       |       |     5 |       ||     5
Dodge: Dodged            |    87 |    99 |   174 |   187 ||   547

Table legend:
 A = Non-vault XP
 B = Vault XP
 C = Vault XP percentage of total XP
 D = Non-vault monster count
 E = Vault monster count
 F = Vault count percentage of total count
                 A         B        C        D         E       F
            +---------+---------+-------+---------+---------+-------
      Total |    6840 |    3711 |  35.2 |     178 |      53 |  22.9
            +---------+---------+-------+---------+---------+-------
        D:1 |      33 |       0 |   0.0 |      17 |       0 |   0.0
        D:2 |     172 |       0 |   0.0 |      31 |       0 |   0.0
        D:3 |     102 |     205 |  66.8 |      14 |       1 |   6.7
        D:4 |     259 |      44 |  14.5 |      13 |       5 |  27.8
        D:5 |     852 |       0 |   0.0 |      22 |       0 |   0.0
        D:6 |     857 |       0 |   0.0 |      19 |       0 |   0.0
        D:7 |     859 |      98 |  10.2 |      15 |       2 |  11.8
        D:8 |    1714 |    1413 |  45.2 |      15 |       2 |  11.8
        D:9 |    1628 |    1906 |  53.9 |      30 |      27 |  47.4
       D:10 |     364 |       0 |   0.0 |       2 |       0 |   0.0
      Sewer |       0 |      45 | 100.0 |       0 |      16 | 100.0
            +---------+---------+-------+---------+---------+-------
